 Dungeon Sprint DCSS version 0.19-a0-787-gcef06a7 (webtiles) character file.

1603 Mood the Zephyrmancer (level 8, -2/64 HPs)
             Began as a Demonspawn Air Elementalist on June 26, 2016.
             Was a Priest of Makhleb.
             Slain by a troll (9 damage)
             ... in the Dungeon (Sprint IX: "|||||||||||||||||||||||||||||").
             The game lasted 00:03:06 (449 turns).

Mood the Zephyrmancer (Demonspawn Air Elementalist)  Turns: 449, Time: 00:03:07

Health: -2/64      AC:  6    Str:  8    XL:     8   Next: 62%
Magic:  4/17       EV: 17    Int: 19    God:    Makhleb [***...]
Gold:   0          SH:  0    Dex: 17    Spells: 2 memorised, 13 levels left

rFire  . . .     SeeInvis .     o - +4 quarterstaff (speed)
rCold  . . .     Gourm    .     a - +0 robe
rNeg   . . .     Faith    .     (shield currently unavailable)
rPois  .         Spirit   .     (helmet restricted)
rElec  .         Dismiss  .     q - +0 cloak
rCorr  .         Reflect  .     (no gloves)
SustAt .         Harm     .     p - +0 pair of boots
MR     .....     NoTele   +     (no amulet)
Stlth  ++........               t - +3 ring of dexterity
                                s - +2 ring of protection

@: not resistant to hostile enchantments, unstealthy
A: horns 2, sturdy frame 1
a: Minor Destruction, Lesser Servant of Makhleb, Renounce Religion


You were in the Dungeon.
You worshipped Makhleb.
Makhleb was most pleased with you.
You were not hungry.

You visited 1 branch

Inventory:

Hand Weapons
 j - a +0 club
 o - a +4 quarterstaff of speed (weapon)
Armour
 a - a +0 robe (worn)
 p - a +0 pair of boots (worn)
 q - a +0 cloak (worn)
 r - a +1 chain mail
Magical Staves
 n - an uncursed staff of energy
Jewellery
 s - a +2 ring of protection (left hand)
 t - a +3 ring of dexterity (right hand)
Wands
 m - a wand of acid (7/15)
Scrolls
 i - 3 scrolls of remove curse
 k - 2 scrolls of amnesia
 l - a scroll of blinking
Potions
 f - a potion of haste
 g - 4 potions of magic
 h - 4 potions of curing
Books
 b - a book of Air

   Spells                             Type                      Level
   a - Shock                          Conjuration/Air              1
   b - Swiftness                      Charms/Air                   2
   c - Repel Missiles                 Charms/Air                   2
   d - Static Discharge               Conjuration/Air              3
   e - Lightning Bolt                 Conjuration/Air              5
Comestibles
 c - a bread ration


   Skills:
 + Level 5.8 Fighting
 * Level 4.9 Staves
 * Level 4.9 Armour
 + Level 6.7 Dodging
 - Level 1.7 Stealth
 + Level 6.3 Spellcasting
 * Level 7.3 Conjurations
 + Level 9.8 Air Magic
 * Level 7.0 Invocations


You had 13 spell levels left.
You knew the following spells:

 Your Spells              Type           Power        Failure   Level  Hunger
a - Shock                 Conj/Air       ####         1%          1    None
b - Lightning Bolt        Conj/Air       #####.....   12%         5    #####..


Dungeon Overview and Level Annotations

Branches:
Dungeon (1/1)

Altars:
Cheibriados
Dithmenos
Elyvilon
Fedhas
Gozag
Hepliaklqana
Kikubaaqudgha
Makhleb
Nemelex Xobeh
Okawaru
Pakellas
Qazlal
Ru
Sif Muna
Trog
Uskayaw
Vehumet
Xom
Yredelemnul
Zin
The Shining One
Beogh
Jiyva
Lugonu


Innate Abilities, Weirdness & Mutations

You have a pair of horns on your head.
Your movements are slightly less encumbered by armour. (ER -2)


Message History

The troll is severely wounded.
The troll bites you. The troll completely misses you. x2
You hit the troll.
The troll is severely wounded.
You hit the troll.
The troll is almost dead.
The troll bites you! The troll claws you! x2
* * * LOW HITPOINT WARNING * * *
You barely miss the troll.
The troll is almost dead.
The troll barely misses you. The troll claws you.
* * * LOW HITPOINT WARNING * * *
The troll claws you but does no damage.
You hit the troll but do no damage. Your headbutt misses the troll.
The troll is almost dead.
You barely miss the troll.
You headbutt the troll, but do no damage.
The troll is almost dead.
The troll completely misses you. The troll misses you. The troll claws you!
You die...

▓.▓
▓.▓
▓.▓
▓.▓
▓.▓
▓.▓
▓T▓
▓@▓
▓.▓
▓.▓
▓.▓
▓)▓
▓.▓
▓)▓
▓(▓
▓.▓


You could see a troll.

Vanquished Creatures
  A gargoyle (D)
  A two-headed ogre (D)
  A slime creature (D)
  A hippogriff (D)
  A hungry ghost (D)
  2 ice beasts (D)
  2 ogres (D)
  A centaur (D)
  A big kobold (D)
  A giant frog (D)
  An iguana (D)
  A worker ant (D)
  An adder (D)
  2 goblins (D)
  A hobgoblin (D)
  A quokka (D)
  2 rats (D)
21 creatures vanquished.

Notes
Turn   | Place    | Note
--------------------------------------------------------------
     0 | D        | Mood the Demonspawn Air Elementalist began the quest for the Orb.
     0 | D        | Reached XP level 1. HP: 13/13 MP: 3/3
     4 | D        | Reached skill level 3 in Air Magic
    48 | D        | Noticed an ogre
    48 | D        | Noticed an iguana
    48 | D        | Noticed an ice beast
    48 | D        | Noticed a worker ant
    54 | D        | Reached skill level 1 in Fighting
    54 | D        | Gained mutation: You have a pair of small horns on your head. [demonic ancestry]
    54 | D        | Reached XP level 2. HP: 22/22 MP: 0/5
    56 | D        | Reached skill level 4 in Air Magic
    56 | D        | Reached XP level 3. HP: 28/28 MP: 0/7
    64 | D        | Killed an ice beast
    64 | D        | Reached skill level 6 in Air Magic
    64 | D        | Gained mutation: Your movements are slightly less encumbered by armour. (ER -2) [demonic ancestry]
    64 | D        | Reached XP level 4. HP: 23/37 MP: 1/9
    70 | D        | Reached XP level 5. HP: 14/42 MP: 0/11
    77 | D        | Killed an ogre
    77 | D        | Reached skill level 5 in Fighting
    77 | D        | Reached skill level 5 in Conjurations
    77 | D        | Reached skill level 7 in Air Magic
   101 | D        | Found a glowing silver altar of Zin.
   101 | D        | Found a glowing golden altar of the Shining One.
   101 | D        | Found an ancient bone altar of Kikubaaqudgha.
   101 | D        | Found a basalt altar of Yredelemnul.
   101 | D        | Found a shimmering altar of Xom.
   101 | D        | Found a radiant altar of Vehumet.
   102 | D        | Found an iron altar of Okawaru.
   103 | D        | Found a burning altar of Makhleb.
   104 | D        | Found a deep blue altar of Sif Muna.
   105 | D        | Found a bloodstained altar of Trog.
   106 | D        | Found a sparkling altar of Nemelex Xobeh.
   107 | D        | Found a white marble altar of Elyvilon.
   108 | D        | Found a roughly hewn altar of Beogh.
   109 | D        | Found a viscous altar of Jiyva.
   110 | D        | Found a corrupted altar of Lugonu.
   111 | D        | Became a worshipper of Makhleb the Destroyer
   112 | D        | Found a blossoming altar of Fedhas.
   113 | D        | Found a snail-covered altar of Cheibriados.
   114 | D        | Found a shadowy altar of Dithmenos.
   115 | D        | Found a stormy altar of Qazlal.
   116 | D        | Found an opulent altar of Gozag.
   117 | D        | Found a sacrificial altar of Ru.
   118 | D        | Found an oddly glowing altar of Pakellas.
   119 | D        | Found a hide-covered altar of Uskayaw.
   120 | D        | Found a hazy altar of Hepliaklqana.
   130 | D        | Learned a level 5 spell: Lightning Bolt
   284 | D        | Noticed a hippogriff
   284 | D        | Noticed an ice beast
   284 | D        | Noticed a gargoyle
   284 | D        | Noticed an ogre
   284 | D        | Noticed a centaur
   288 | D        | Killed an ogre
   288 | D        | Reached * piety under Makhleb
   288 | D        | Reached skill level 1 in Staves
   288 | D        | Reached skill level 1 in Armour
   288 | D        | Reached XP level 6. HP: 51/51 MP: 7/13
   293 | D        | Reached skill level 5 in Spellcasting
   293 | D        | Reached skill level 8 in Air Magic
   293 | D        | Killed a hippogriff
   293 | D        | Reached skill level 5 in Dodging
   293 | D        | Reached XP level 7. HP: 55/56 MP: 3/14
   314 | D        | HP: 1/56 [gargoyle/morningstar (24)]
   331 | D        | Killed a gargoyle
   331 | D        | Reached skill level 9 in Air Magic
   331 | D        | Reached skill level 5 in Invocations
   332 | D        | Reached ** piety under Makhleb
   431 | D        | Noticed a troll
   431 | D        | Noticed a slime creature
   431 | D        | Noticed a hungry ghost
   431 | D        | Noticed a two-headed ogre
   434 | D        | Killed a hungry ghost
   434 | D        | Gained mutation: You have a pair of horns on your head. [demonic ancestry]
   434 | D        | Reached XP level 8. HP: 64/64 MP: 4/16
   435 | D        | Killed a two-headed ogre
   437 | D        | Killed a slime creature
   437 | D        | Reached *** piety under Makhleb
   449 | D        | Slain by a troll

Vault maps used:
D:        linesprint

Skill      XL: |  1  2  3  4  5  6  7  8 |
---------------+-------------------------+-----
Air Magic      | 3 4 6 7 8 9 |  9.8
Dodging        | 2 3 4 5 6 |  6.7
Conjurations   | 2 3 4 5 6 7 |  7.3
Fighting       | 1 2 4 5 |  5.8
Spellcasting   | 3 4 5 6 |  6.3
Staves         | 1 2 4 |  4.9
Armour         | 1 2 4 |  4.9
Invocations    | 2 4 5 7 |  7.0
Stealth        | |  1.7

Action                   |  1- 3 |  4- 6 |  7- 9 || total
-------------------------+-------+-------+-------++-------
Melee: Club              |    11 |     6 |       ||    17
       Headbutt          |       |     1 |    15 ||    16
       Quarterstaff      |       |       |    49 ||    49
 Cast: Shock             |     6 |    11 |     4 ||    21
       Lightning Bolt    |       |       |     2 ||     2
  Use: Potion            |     2 |     1 |     3 ||     6
       Scroll            |       |     1 |       ||     1
 Stab: Invisible         |       |       |     7 ||     7
Armor: Robe              |       |       |     2 ||     2
Dodge: Dodged            |     8 |    13 |    23 ||    44
